AoeStats
← 牛油果

Arena

509166842Analyzed
4v4 RM · 6d ago on Sep 25, 2026· 41m 42s· 8 players
Game mode
Random Map
Map size
Large (8 player)
Population
200
Speed
Normal
Resources
Standard
Victory
Conquest
Starting age
Dark Age
Ending age
Imperial Age
RankedLock teamsTeams togetherTeam positionsShared explorationLock speedFull tech treeHidden civsTurbo modeCheats
Victory
Defeat
🇷🇺 Danes · Russia
1451
+19
🇭🇰 Khmer · Hong Kong SAR China
1425
+20
🇨🇳 Danes · China
1405
+22
🇸🇬 Burgundians · Singapore
1404
+21
🇭🇰 Dravidians · Hong Kong SAR China
1606
-23
🇭🇰 Persians · Hong Kong SAR China
1504
-20
🇭🇰 Celts · Hong Kong SAR China
1502
-20
🇭🇰 Byzantines · Hong Kong SAR China
1483
-19
Riveryyy
10:51 Feudal Age
12:08 Double-Bit Axe
14:31 Castle Age
12:35 Horse Collar
21:57 Loom
22:24 Bow Saw
24:35 Town Watch
26:54 Wheelbarrow
27:28 Heavy Plow
32:01 Imperial Age
30:20 Gold Mining
30:22 Stone Mining
31:27 Squires
31:16 Gambesons
31:01 Hamask
32:42 Hand Cart
33:16 Conscription
32:48 Elite Jomsviking
33:35 Scale Mail Armor
33:48 Forging
34:47 Chain Mail Armor
36:41 Plate Mail Armor
36:46 Iron Casting
36:35 Capped Ram
37:38 Siege Ram
39:39 Blast Furnace
39:51 Siege Engineers
小刀
12:27 Feudal Age
12:44 Man-at-Arms
13:27 Double-Bit Axe
16:16 Castle Age
14:13 Arson
14:25 Horse Collar
17:59 Bow Saw
23:06 Loom
23:57 Wheelbarrow
24:19 Gold Mining
24:20 Stone Mining
24:38 Heavy Plow
29:26 Imperial Age
27:36 Hand Cart
27:07 Town Watch
28:06 Gold Shaft Mining
28:06 Fletching
29:29 Onager
29:48 Northmen's Fury
31:34 Siege Onager
32:59 Siege Engineers
34:02 Town Patrol
35:29 Coinage
36:49 Banking
36:54 Elite Jomsviking
38:10 Hoardings
37:10 Hamask
39:22 Conscription
39:30 Forging
39:39 Bloodlines
39:29 Husbandry
40:09 Gambesons
40:30 Scale Mail Armor
41:05 Pikeman
41:46 Squires
41:06 Elite Varangian Guard
41:07 Long Swordsman
42:24 Iron Casting
42:04 Chain Mail Armor
41:55 Scale Barding Armor
43:13 Chemistry
42:34 Ballistics
42:25 Masonry
8316699
4:50 Double-Bit Axe
6:47 Horse Collar
11:12 Feudal Age
14:55 Castle Age
13:07 Bow Saw
13:36 Heavy Plow
21:57 Wheelbarrow
22:03 Husbandry
23:31 Scale Barding Armor
22:55 Cavalier
24:35 Hand Cart
24:23 Gold Mining
27:49 Gold Shaft Mining
30:05 Imperial Age
28:34 Forging
28:45 Chain Barding Armor
28:16 Fletching
28:19 Stone Mining
29:32 Two-Man Saw
29:07 Crop Rotation
29:47 Stone Shaft Mining
30:11 Iron Casting
29:25 Loom
32:03 Chemistry
30:50 Paladin
31:39 Burgundian Vineyards
31:55 Conscription
32:20 Plate Barding Armor
32:45 Blast Furnace
33:24 Guilds
33:52 Coinage
34:02 Pikeman
34:42 Squires
34:43 Scale Mail Armor
35:09 Halberdier
38:08 Hoardings
明月清风
10:34 Feudal Age
13:17 Castle Age
11:16 Double-Bit Axe
11:17 Horse Collar
14:56 Bow Saw
21:30 Wheelbarrow
20:44 Loom
20:47 Town Watch
25:01 Gold Mining
28:14 Imperial Age
25:48 Husbandry
25:59 Bloodlines
28:18 Scale Barding Armor
28:24 Forging
28:38 Elite Battle Elephant
29:40 Chain Barding Armor
29:56 Iron Casting
29:45 Conscription
30:27 Tusk Swords
31:14 Plate Barding Armor
31:41 Blast Furnace
37:29 Caravan
牛油果
10:10 Feudal Age
11:25 Loom
14:06 Castle Age
12:24 Double-Bit Axe
12:50 Horse Collar
16:11 Bow Saw
23:10 Wheelbarrow
23:01 Heavy Plow
24:53 Hand Cart
25:27 Gold Mining
25:28 Stone Mining
29:59 Imperial Age
27:36 Fletching
28:14 Bodkin Arrow
28:19 Padded Archer Armor
28:27 Town Watch
29:16 Ballistics
30:01 Leather Archer Armor
30:00 Fortified Wall
30:01 Masonry
30:09 Thumb Ring
30:04 Elite Elephant Archer
31:30 Bracer
32:52 Chemistry
33:13 Conscription
33:28 Squires
33:24 Pikeman
34:08 Halberdier
35:03 Forging
36:33 Scale Mail Armor
37:08 Iron Casting
馬仔
11:26 Feudal Age
9:41 Loom
15:48 Castle Age
13:37 Horse Collar
13:52 Double-Bit Axe
14:22 Stone Mining
15:51 Wheelbarrow
15:03 Loom
25:13 Stone Shaft Mining
25:56 Gold Mining
26:36 Heavy Plow
26:50 Bow Saw
30:05 Imperial Age
29:47 Gold Shaft Mining
30:34 Scale Barding Armor
30:39 Forging
30:55 Husbandry
31:05 Bloodlines
31:02 Elite War Elephant
32:03 Conscription
32:39 Chain Barding Armor
32:55 Iron Casting
33:42 Crop Rotation
34:14 Two-Man Saw
33:35 Hand Cart
33:58 Plate Barding Armor
35:44 Blast Furnace
局長
10:07 Loom
11:52 Feudal Age
17:10 Castle Age
14:56 Horse Collar
15:39 Double-Bit Axe
16:10 Stone Mining
20:18 Fortified Wall
22:55 Bow Saw
27:28 Gold Mining
29:27 Heavy Plow
33:24 Imperial Age
31:22 Treadmill Crane
31:59 Scale Barding Armor
32:05 Forging
32:20 Husbandry
33:08 Wheelbarrow
33:03 Chain Barding Armor
34:29 Iron Casting
34:32 Conscription
33:41 Heavy Camel Rider
35:02 Light Cavalry
37:25 Plate Barding Armor
39:51 Hussar
40:27 Fletching
41:11 Bodkin Arrow
evi
10:51 Feudal Age
13:01 Loom
15:48 Castle Age
14:10 Double-Bit Axe
14:08 Horse Collar
16:54 Bow Saw
21:11 Wheelbarrow
Connection lost

Rejoining the realm…

Still unreachable

The connection could not be restored.

Session expired

The server has moved on; the page needs a fresh start.